 Dungeon Crawl Stone Soup version 0.30-a0-937-ga0a21ad780 (webtiles) character file.

Game seed: 4282373951961970893

6105 Dirtsage the Carver (level 10, -5/74 HPs)
             Began as a Demonspawn Fighter on Mar 24, 2023.
             Was a Believer of Wu Jian.
             Killed from afar by an acid dragon (10 damage)
             ... with a splash of acid
             ... on level 10 of the Dungeon.
             The game lasted 00:20:38 (8792 turns).

Dirtsage the Carver (Demonspawn Fighter)            Turns: 8792, Time: 00:20:39

Health: -5/74      AC: 10    Str: 17    XL:     10   Next: 58%
Magic:  0/10       EV: 11    Int:  9    God:    Wu Jian [**....]
Gold:   540        SH:  5    Dex: 17    Spells: 9/9 levels left

rFire   . . .      SeeInvis .    F - +1 scimitar
rCold   . . .      Faith    .    c - +0 buckler
rNeg    . . .      Spirit   +    b - +0 scale mail
rPois   .          Reflect  .    x - +2 helmet
rElec   .          Rampage  .    f - +2 cloak {Will+}
rCorr   .                        k - +0 pair of gloves
Will    ++...                    j - +0 pair of boots Stlth
                                 s - amulet of regeneration
HPRegen 1.12/turn                m - ring of willpower
MPRegen 0.24/turn                (no ring)

@: corroded
A: slimy green scales 2, magic shield, magic regeneration
a: Renounce Religion, Wall Jump


You were on level 10 of the Dungeon.
You worshipped Wu Jian.
Wu Jian was pleased with you.
You visited 2 branches of the dungeon, and saw 11 of its levels.

You collected 540 gold pieces.

Inventory:

Hand Weapons
 a - a +0 long sword
 C - a +0 rapier
 F - a +1 scimitar (weapon)
Missiles
 A - 2 curare-tipped darts (quivered)
 G - 4 throwing nets
Armour
 b - a +0 scale mail (worn)
 c - a +0 buckler (worn)
 f - a +2 cloak of willpower (worn)
 j - a +0 pair of boots (worn)
 k - a +0 pair of gloves (worn)
 x - a +2 helmet (worn)
 E - a +2 hat
Jewellery
 m - a ring of willpower (left hand)
 s - an amulet of regeneration (around neck)
Wands
 u - a wand of roots (9)
 D - a wand of digging (5)
Scrolls
 e - 2 scrolls of immolation {unknown}
 g - a scroll of fear
 i - 3 scrolls of identify
 n - a scroll of vulnerability {unknown}
 p - a scroll of brand weapon {unknown}
 r - a scroll of poison {unknown}
 t - 3 scrolls of teleportation
 v - a scroll of noise {unknown}
 y - a scroll of amnesia {unknown}
 B - 3 scrolls of blinking
Potions
 d - a potion of might
 h - 2 potions of attraction
 l - a potion of heal wounds
 o - 2 potions of lignification
 q - 3 potions of curing
 w - 2 potions of flight
 z - a potion of brilliance
 H - a potion of berserk rage {unknown}


   Skills:
 + Level 5.4 Fighting
 * Level 12.9 Long Blades
 - Level 2.6 Armour
 + Level 3.9 Dodging
 + Level 4.9 Shields


You had 9 spell levels left.
You didn't know any spells.
Your spell library contained the following spells:

 Spells                   Type           Power      Damage    Failure   Level
 Apportation              Tloc           0%         N/A       87%         1
 Necrotise                Necr           0%         1d4       87%         1
 Summon Small Mammal      Summ           0%         N/A       87%         1
 Sublimation of Blood     Necr           0%         N/A       95%         2
 Vampiric Draining        Necr           0%         2d6       99%         3
 Cause Fear               Hex            0%         N/A       100%        4
 Petrify                  Tmut/Erth      0%         N/A       100%        4
 Agony                    Necr           0%         N/A       100%        5
 Blade Hands              Tmut           0%         N/A       100%        5
 Irradiate                Conj/Tmut      0%         3d11      100%        5
 Yara's Violent Unravell  Hex/Tmut       0%         3d3       100%        5
 Dragon Form              Tmut           0%         N/A       100%        7
 Enfeeble                 Hex            0%         N/A       100%        7
 Borgnjor's Revivificati  Necr           0%         N/A       100%        8
 Necromutation            Tmut/Necr      0%         N/A       100%        8
 Death's Door             Necr           0%         N/A       100%        9
 Dragon's Call            Summ           0%         N/A       100%        9


Dungeon Overview and Level Annotations

Branches:
Dungeon (10/15)            Temple (1/1) D:7             Orc (0/2) D:9
   Lair: D:8-11

Altars:
Ashenzari
Cheibriados
Dithmenos
Fedhas
Gozag
Hepliaklqana
Kikubaaqudgha
Makhleb
Nemelex Xobeh
Okawaru
Qazlal
Ru
Sif Muna
Trog
Uskayaw
Vehumet
Wu Jian
Xom
Yredelemnul

Shops:
D:3 *   D:4 *   D:9 [(

Annotations:
D:3 2 transporters, Menkaure
D:10 3 runed translucent doors, PigKeeper's ghost, journeyman TeFE


Innate Abilities, Weirdness & Mutations

You are mostly covered in slimy green scales. (AC +3)
When hurt, damage is shared between your health and your magic reserves.
You regenerate magic rapidly.


Message History

The splash of acid misses you. The komodo dragon barely misses you.
You spin and attack the acid dragon repeatedly.
PigKeeper's ghost turns its malevolent gaze towards you.
The deep elf pyromancer shouts!
You hit the acid dragon but do no damage.
The acid dragon is lightly wounded.
You hit the acid dragon but do no damage.
The acid dragon is lightly wounded.
You spin and attack the komodo dragon.
You hit the komodo dragon but do no damage.
The komodo dragon is almost dead.
The acid dragon completely misses you. You block the acid dragon's attack.
The komodo dragon bites you but does no damage.
You spin and attack the acid dragon.
You hit the acid dragon but do no damage.
The acid dragon is lightly wounded.
You spin and attack the komodo dragon.
You hit the komodo dragon but do no damage.
The komodo dragon is almost dead.
The acid dragon bites you!
* * * LOW HITPOINT WARNING * * *
The acid dragon claws you but does no damage.
The komodo dragon bites you!
* * * LOW HITPOINT WARNING * * *
You take 16 damage, and have 11/74 hp.
MASSIVE DAMAGE!!
You now have 2/10 mp.
You spin and attack the acid dragon.
You hit the acid dragon but do no damage.
The acid dragon is lightly wounded.
You spin and attack the komodo dragon.
You hit the komodo dragon but do no damage.
The komodo dragon is almost dead.
The acid dragon bites you!
* * * LOW HITPOINT WARNING * * *
The acid dragon barely misses you. The komodo dragon misses you.
You take 7 damage, and have 4/74 hp.
You now have 1/10 mp.
You hit the komodo dragon but do no damage.
The komodo dragon is almost dead.
The acid dragon spits acid at you. The splash of acid hits you!
You die...

#......#..... #8$.8.$
#......#...#
#$$$_$$.#......#...# #
.##$epOW##.........######
..##+++##...............#
........................#
..........>............#
#...........###......#
#...l@......# #......#
#....D####............
#.=...# #.###########
#.....# ### ########
#.....# #.....## #######
#.###.## #.# #... #.#
#### #.#


You could see a death knight, a two-headed ogre, a komodo dragon, a freezing
wraith, a deep elf pyromancer and an acid dragon (catching breath).

Vanquished Creatures
  A soul eater (D:9)
  Amaemon (D:9)
  An orange demon (D:9)
  2 wyverns (D:9)
  A shadow (D:9)
  Sigmund (D:2)
  2 steam dragons
  5 orc warriors
  A black bear (D:8)
  An ice beast (D:6)
  A sky beast (D:6)
  An ogre (D:6)
  3 phantoms
  4 centaurs
  2 kobold brigands (D:8)
  A bullfrog (D:5)
  2 scorpions
  3 gnoll sergeants
  4 wights (D:9)
  10 howler monkeys
  3 jellies
  2 quasits (D:9)
  6 hounds
  A gnoll bouda (D:5)
  4 orc priests
  4 sleepcaps
  Terence (D:2)
  An iguana (D:5)
  Natasha (thrice) (D:2)
  7 orc wizards
  9 adders
  28 gnolls
  A shadow imp (D:8)
  3 white imps
  3 ufetubi (D:6)
  4 dart slugs
  18 orcs
  6 endoplasms
  4 giant cockroaches
  4 goblins
  9 hobgoblins
  3 jackals (D:3)
  5 quokkas
  2 ball pythons
  6 bats
  7 frilled lizards
  9 kobolds
  10 rats
210 creatures vanquished.

Vanquished Creatures (others)
  8 demonic plants (D:9)
8 creatures vanquished.

Grand Total: 218 creatures vanquished

Notes
Turn   | Place    | Note
-------+----------+-------------------------------------------
     0 | D:1      | Dirtsage the Demonspawn Fighter began the quest for the
                  | Orb.
     0 | D:1      | Reached XP level 1. HP: 18/18 MP: 1/1
    65 | D:1      | Reached skill level 2 in Long Blades
   119 | D:1      | Gained mutation: You regenerate magic rapidly. [demonic
                  | ancestry]
   119 | D:1      | Reached XP level 2. HP: 15/24 MP: 2/2
   178 | D:1      | Found a faded altar of an unknown god.
   383 | D:1      | Reached skill level 3 in Long Blades
   631 | D:1      | Reached XP level 3. HP: 27/29 MP: 3/3
   816 | D:2      | Noticed Sigmund
   820 | D:2      | Killed Sigmund
   821 | D:2      | Reached skill level 5 in Long Blades
   821 | D:2      | Reached XP level 4. HP: 35/35 MP: 4/4
   821 | D:2      | Gained mutation: You are partially covered in slimy green
                  | scales. (AC +2) [demonic ancestry]
   821 | D:2      | Reached XP level 5. HP: 41/41 MP: 5/5
  1036 | D:2      | Noticed Natasha
  1047 | D:2      | Killed Natasha
  1229 | D:2      | Noticed Terence
  1243 | D:2      | Killed Terence
  1444 | D:2      | Reached XP level 6. HP: 41/47 MP: 6/6
  1512 | D:2      | Noticed Natasha
  1523 | D:2      | Killed Natasha
  1667 | D:2      | Reached skill level 6 in Long Blades
  1927 | D:2      | Noticed Natasha
  1937 | D:2      | Killed Natasha
  2124 | D:3      | Found a transporter.
  2132 | D:3      | Found an ancient bone altar of Kikubaaqudgha.
  2134 | D:3      | Found a transporter.
  2185 | D:3      | Found Zin's Purification Station.
  2203 | D:3      | Found an opulent altar of Gozag.
  2281 | D:3      | Found a basalt altar of Yredelemnul.
  2282 | D:3      | Noticed Menkaure
  2837 | D:4      | Reached skill level 7 in Long Blades
  2837 | D:4      | Reached XP level 7. HP: 36/52 MP: 7/7
  2910 | D:4      | Found Laid's Assorted Antiques.
  3389 | D:4      | Found a hazy altar of Hepliaklqana.
  3558 | D:5      | Entered Level 5 of the Dungeon
  3800 | D:5      | Reached skill level 8 in Long Blades
  4190 | D:5      | Gained mutation: You are mostly covered in slimy green
                  | scales. (AC +3) [demonic ancestry]
  4190 | D:5      | Reached XP level 8. HP: 54/58 MP: 8/8
  4878 | D:6      | Reached skill level 9 in Long Blades
  5380 | D:6      | Reached skill level 10 in Long Blades
  6024 | D:7      | Gained mutation: When hurt, damage is shared between your
                  | health and your magic reserves. [demonic ancestry]
  6024 | D:7      | Reached XP level 9. HP: 57/63 MP: 9/9
  6094 | D:7      | Reached skill level 11 in Long Blades
  6425 | D:7      | Found a staircase to the Ecumenical Temple.
  6431 | Temple   | Entered the Ecumenical Temple
  6473 | Temple   | Became a worshipper of the Wu Jian Council
  6976 | D:8      | Reached * piety under Wu Jian
  6978 | D:8      | Found an iron altar of Okawaru.
  7117 | D:8      | Reached skill level 1 in Dodging
  7494 | D:9      | Found a staircase to the Orcish Mines.
  7494 | D:9      | Found Diysh's Armour Boutique.
  7494 | D:9      | Noticed an orange demon
  7495 | D:9      | Found Gunkich's Weapon Boutique.
  7495 | D:9      | Noticed Amaemon
  7577 | D:9      | Noticed a rust devil
  7633 | D:9      | Reached skill level 12 in Long Blades
  7654 | D:9      | Noticed a hellwing
  7888 | D:9      | Reached XP level 10. HP: 64/73 MP: 8/10
  8045 | D:9      | Noticed a soul eater
  8110 | D:9      | Killed a soul eater
  8164 | D:9      | Reached ** piety under Wu Jian
  8227 | D:9      | Killed Amaemon
  8228 | D:9      | Reached skill level 5 in Fighting
  8267 | D:9      | Killed an orange demon
  8275 | D:9      | HP: 3/74 [poisoned by an orange demon]
  8702 | D:10     | Entered Level 10 of the Dungeon
  8774 | D:10     | Found a runed translucent gate.
  8775 | D:10     | Found a runed translucent gate.
  8775 | D:10     | Found an opulent altar of Gozag.
  8777 | D:10     | Found a runed translucent gate.
  8784 | D:10     | Noticed a two-headed ogre
  8785 | D:10     | Noticed a death knight
  8785 | D:10     | Noticed PigKeeper's ghost (journeyman TeFE)
  8787 | D:10     | Noticed a deep elf pyromancer
  8792 | D:10     | Killed from afar by an acid dragon

Illustrated notes

Levels and vault maps discovered:
D:1:      amcnicky_arrival_gap_in_the_tavern_cellar, layout_basic,
          ebering_ecumenical_altar_petrified
D:2:      layout_basic, minivault_25, corexii_item_surrounded_by_moat,
          uniq_natasha, uniq_sigmund, uniq_terence
D:3:      wander_river, layout_loops_ring, gammafunk_temple_of_torment,
          zin_purify, grunt_gozag_statues, kennysheep_generic_room_3
D:4:      layout_cave_pools, worldfamousw_hep_ancestral_shrine, serial_shops,
          nicolae_shop_advertising_works [nicolae_subvault_shop_adworks]
D:5:      layout_loops_ring
D:6:      layout_basic
D:7:      nicolae_cairo_tiling, layout_rooms, minmay_temple_entry_hall,
          uniq_menkaure
D:8:      layout_basic, mainiacjoe_overflow_cross_hatched
D:9:      layout_loops_ring, orc_david_3, serial_demonic, serial_demonic_b,
          serial_demonic_d, serial_demonic_g, serial_demonic_c,
          amcnicky_mini_pool_small, uniq_amaemon
D:10:     layout_basic, ebering_ghost_gozag, uniq_joseph
Temple:   lightli_temple_of_artemis

Skill      XL: |  1  2  3  4  5  6  7  8  9 10 |
---------------+-------------------------------+-----
Long Blades    | 2 3 5 7 8 10 12 | 12.9
Shields        | 4 |  4.9
Dodging        | 2 3 |  3.9
Fighting       | 4 5 |  5.4
Armour         | |  2.6

Action                     |  1- 3 |  4- 6 |  7- 9 | 10-12 || total
---------------------------+-------+-------+-------+-------++-------
  Melee: Long sword        |    74 |   195 |   696 |       ||   965
         Scimitar          |       |       |    40 |   209 ||   249
Ability: Whirlwind         |       |       |    21 |    35 ||    56
         Lunge             |       |       |    15 |     5 ||    20
  Evoke: Wand              |       |       |       |     1 ||     1
    Use: Potion            |     1 |       |     1 |     5 ||     7
         Scroll            |       |       |    10 |       ||    10
 Armour: Scale mail        |    39 |   140 |   345 |    61 ||   585
         Skin              |       |       |       |    52 ||    52
  Dodge: Dodged            |    20 |    81 |   226 |    58 ||   385
  Block: Buckler           |    18 |    54 |   144 |    45 ||   261

Table legend: (Time is in decaauts)
 A = Elapsed time spent in this place.
 B = Non-inter-level travel time spent in this place.
 C = Inter-level travel time spent in this place.
 D = Time resting spent in this place.
 E = Time spent auto-exploring this place.
 F = Levels seen in this place.
 G = Mean time per level.
                   A        B        C        D        E       F      G
               +--------+--------+--------+--------+--------+-----+--------+
         Total |   8811 |   8473 |    338 |    705 |   5808 |  11 |  801.0 |
       Dungeon |   8761 |   8430 |    331 |    705 |   5806 |  10 |  876.1 |
        Temple |     50 |     43 |      7 |      0 |      2 |   1 |   50.0 |
               +--------+--------+--------+--------+--------+-----+--------+

Top non-repeatable levels by time:
     D:2: 1316 daAuts
     D:5: 1131 daAuts
     D:6: 1109 daAuts
     D:9: 1105 daAuts
     D:4: 931 daAuts
     D:8: 852 daAuts
     D:1: 837 daAuts
     D:3: 734 daAuts
     D:7: 652 daAuts
    D:10: 89 daAuts
  Temple: 50 daAuts
